 Dungeon Crawl Stone Soup version 0.29-a0-620-g13ace881f2 (webtiles) character file.

Game seed: 14619507104280206903

504 Zonian the Chiller (level 7, -8/32 HPs)
             Began as a Vine Stalker Ice Elementalist on June 18, 2022.
             Splashed by a jelly's acid (9 damage)
             ... on level 4 of the Dungeon.
             The game lasted 00:11:22 (4800 turns).

Zonian the Chiller (Vine Stalker Ice Elementalist)  Turns: 4800, Time: 00:11:23

Health: -8/32      AC: -4    Str: 10    XL:     7   Next: 17%
Magic:  0/14       EV: 13    Int: 15    God:
Gold:   32         SH:  0    Dex: 17    Spells: 10/14 levels left

rFire   . . .      SeeInvis .   C - +6 rapier "Eviscerator" {drain, Stlth+}
rCold   . . .      Faith    .   (no shield)
rNeg    . . .      Spirit   +   a - +0 robe
rPois   .          Reflect  .   u - +0 helmet
rElec   .          Harm     .   (no cloak)
rCorr   .          Rampage  .   (no gloves)
Will    .....                   y - +0 pair of boots
Stlth   ++++......              z - amulet of the acrobat
HPRegen 0.90/turn               f - +4 ring of slaying
MPRegen 0.14/turn               (no ring)

@: corroded
A: fangs 2, regeneration 1, magic shield, antimagic bite, no potion heal 2
a: no special abilities


You were on level 4 of the Dungeon.
You visited 1 branch of the dungeon, and saw 5 of its levels.

You collected 239 gold pieces.
You spent 207 gold pieces at shops.

Inventory:

Hand Weapons
 h - a +0 whip
 j - a +0 dagger
 l - a +0 hunting sling
 v - the +10 great sword "Hutam" {vamp, rN+ Will+ Str+2}
   (You found it on level 3 of the Dungeon)

   It occasionally heals its wielder for a portion of the damage dealt when it
   wounds a living foe.
   Str:       It affects your strength (+2).
   rN:        It protects you from negative energy.
   Will:      It increases your willpower.
 C - the +6 rapier "Eviscerator" (weapon) {drain, Stlth+}
   (You bought it in a shop on level 2 of the Dungeon)

   A truly terrible weapon, it drains the life of any living foe it strikes.
   Stlth:     It makes you more stealthy.
Missiles
 q - 3 throwing nets
 A - 3 boomerangs
Armour
 a - a +0 robe (worn)
 n - an orb of mayhem
 t - a +0 buckler
 u - a +0 helmet (worn)
 y - a +0 pair of boots (worn)
Jewellery
 f - a +4 ring of slaying (left hand)
 z - an amulet of the acrobat (around neck)
Wands
 x - a wand of digging (1)
Scrolls
 b - a scroll of enchant weapon {unknown}
 c - 4 scrolls of identify
 e - 3 scrolls of teleportation {unknown}
 g - a scroll of enchant armour {unknown}
 i - 2 scrolls of fog {unknown}
 k - a scroll of fear {unknown}
 m - 2 scrolls of torment {unknown}
 p - 2 scrolls of blinking {unknown}
 w - a scroll of brand weapon {unknown}
Potions
 d - a potion of might
 o - a potion of brilliance
 r - a potion of flight {unknown}
 s - a potion of berserk rage
 B - a potion of curing


   Skills:
 + Level 0.1 Short Blades
 + Level 3.3 Dodging
 + Level 5.3 Stealth
 + Level 4.2 Spellcasting
 + Level 5.4 Ice Magic


You had 10 spell levels left.
You knew the following spells:

 Your Spells              Type           Power      Damage    Failure   Level
a - Freeze                Ice            76%        1d9       1%          1
b - Frozen Ramparts       Ice            38%        1d5       6%          3

Your spell library contained the following spells:

 Spells                   Type           Power      Damage    Failure   Level
 Ozocubu's Armour         Ice            19%        N/A       6%          3
 Apportation              Tloc           6%         N/A       19%         1
 Foxfire                  Conj/Fire      12%        2x1d4     19%         1
 Magic Dart               Conj           12%        1d3       19%         1
 Necrotize                Necr           12%        1d4       19%         1
 Summon Small Mammal      Summ           12%        N/A       19%         1
 Call Imp                 Summ           3%         N/A       26%         2
 Conjure Flame            Conj/Fire      3%         6-21      47%         3
 Inner Flame              Hex/Fire       3%         N/A       47%         3
 Mephitic Cloud           Conj/Pois/Air  3%         N/A       47%         3
 Hailstorm                Conj/Ice       11%        3d5       50%         4
 Ice Form                 Ice/Tmut       11%        N/A       50%         4
 Summon Ice Beast         Ice/Summ       11%        N/A       50%         4
 Flame Wave               Conj/Fire      3%         2d4       87%         4


Dungeon Overview and Level Annotations

Branches:
Dungeon (5/15)
 Temple: D:4-7

Altars:
Ru

Shops:
D:2 (


Innate Abilities, Weirdness & Mutations

You have extremely sharp teeth.
Your natural rate of healing is unusually fast.
When hurt, damage is shared between your health and your magic reserves.
Your bite disrupts and absorbs the magic of your enemies.
Potions cannot restore your health.


Message History

The orc barely misses you. The orc hits you with a +0 hand axe.
The jelly barely misses you. The orc barely misses you.
The orc hits you with a +0 flail.
The orc priest calls down the wrath of Beogh upon you.
Beogh smites you!
There is a stone staircase leading up here.
Unknown command.
The jelly hits you. The acid corrodes you!
You are splashed with acid!
The orc completely misses you.
The iguana hisses menacingly.
The orc hits you with a +0 hand axe.
You climb upwards.
There is a stone staircase leading down here.
Unknown command.
Casting: Freeze (safe; 1% risk of failure)
Confirm with . or Enter, or press ? or * to list all spells.
Aiming: Freeze (safe; 1% risk of failure)
Press: ? - help, Shift-Dir - straight line, f - jelly
Aim: a jelly You freeze the jelly.
The jelly is lightly wounded.
The jelly hits you. The acid corrodes you!
You are splashed with acid!
* * * LOW HITPOINT WARNING * * *
The orc closely misses you. The orc hits you with a +0 hand axe.
* * * LOW HITPOINT WARNING * * *
Okay, then.
Okay, then.
Okay, then.
Okay, then.
Casting: Freeze (safe; 1% risk of failure)
Confirm with . or Enter, or press ? or * to list all spells.
Aiming: Freeze (safe; 1% risk of failure)
Press: ? - help, Shift-Dir - straight line, f/p - jelly
Aim: a jelly (lightly wounded)
You freeze the jelly.
The jelly is heavily wounded.
The jelly hits you.
* * * LOW HITPOINT WARNING * * *
You are splashed with acid!
You die...

#.##.##.#........#.#.
#.##.#############.#.
#.##.......# ##.#.
#.########.# ###....
#.########.####......
#....................
##########....#####..
#Jo.#..........##.
#@o...............
######.........###
#.........##.
#####.........###
#........###...##
#........##.....#
#................
#........#.......
#........##.....#


You could see a jelly and 2 orcs.

Vanquished Creatures
  A phantom (D:4)
  A necrophage (D:5)
  A hound (D:3)
  4 iguanas
  An orc wizard (D:4)
  8 gnolls
  3 adders
  2 worms
  2 dart slugs (D:3)
  11 orcs
  5 bats
  6 endoplasms
  4 giant cockroaches
  7 goblins
  10 hobgoblins
  5 jackals
  2 kobolds
  5 quokkas
  10 ball pythons
  3 frilled lizards
  6 rats
97 creatures vanquished.

Notes
Turn   | Place    | Note
-------+----------+-------------------------------------------
     0 | D:1      | Zonian the Vine Stalker Ice Elementalist began the quest
                  | for the Orb.
     0 | D:1      | Reached XP level 1. HP: 9/9 MP: 4/4
   374 | D:1      | Reached XP level 2. HP: 11/13 MP: 6/6
   765 | D:1      | Reached XP level 3. HP: 16/16 MP: 7/7
  1304 | D:1      | Found a faded altar of an unknown god.
  1354 | D:1      | Prayed at the altar of an unknown god.
  1354 | D:1      | Became a worshipper of Ru the Awakened
  1361 | D:1      | Fell from the grace of Ru
  1770 | D:2      | Found Nere's Antique Weapon Shoppe.
  2080 | D:2      | Gained mutation: Your natural rate of healing is unusually
                  | fast. [Vine Stalker growth]
  2080 | D:2      | Reached XP level 4. HP: 19/21 MP: 7/9
  2320 | D:2      | Learned a level 3 spell: Frozen Ramparts
  2771 | D:3      | Reached XP level 5. HP: 24/24 MP: 10/10
  3161 | D:3      | Identified the +10 great sword "Hutam" {vamp, rN+ Will+
                  | Str+2}
  3376 | D:4      | Reached XP level 6. HP: 28/28 MP: 12/12
  3515 | D:4      | Reached skill level 5 in Ice Magic
  3885 | D:4      | Reached skill level 5 in Stealth
  4415 | D:5      | Entered Level 5 of the Dungeon
  4428 | D:5      | Reached XP level 7. HP: 24/32 MP: 14/14
  4520 | D:2      | Bought a smoking rapier for 207 gold pieces
  4520 | D:2      | Identified the +6 rapier "Eviscerator" {drain, Stlth+} (You
                  | bought it in a shop on level 2 of the Dungeon)
  4800 | D:4      | HP: 1/32 [jelly (2)]
  4800 | D:4      | Splashed by a jelly's acid

Illustrated notes

Levels and vault maps discovered:
D:1:      dpeg_arrival_tiny_f, layout_loops_cross,
          nicolae_ecumenical_lake_church
D:2:      layout_loops_ring, serial_shops, shop
D:3:      minmay_octagon_keep, layout_rooms, kennysheep_generic_room_6
D:4:      nicolae_cairo_tiling_large_dashed, layout_basic,
          minmay_stone_trees_large
D:5:      layout_rooms, grunt_gozag_breadcrumbs

Skill      XL: |  1  2  3  4  5  6 |
---------------+-------------------+-----
Stealth        | 3 4 5 |  5.3
Dodging        | 2 3 |  3.3
Spellcasting   | 3 4 |  4.2
Ice Magic      | 5 |  5.4
Short Blades   | |  0.1

Action                   |  1- 3 |  4- 6 |  7- 9 || total
-------------------------+-------+-------+-------++-------
Melee: Unarmed           |     9 |       |       ||     9
       Bite              |    10 |    11 |       ||    21
       Whip              |    38 |     6 |       ||    44
       Dagger            |       |    36 |       ||    36
       Punch             |       |     1 |       ||     1
       Rapier            |       |       |     2 ||     2
 Fire: Hunting sling     |       |   122 |       ||   122
 Cast: Freeze            |    14 |    10 |     2 ||    26
Invok: Renounce Religion |     1 |       |       ||     1
  Use: Potion            |     1 |     7 |       ||     8
       Scroll            |       |     1 |       ||     1
 Stab: Sleeping          |     5 |     6 |     1 ||    12
Armor: Robe              |     9 |    12 |     1 ||    22
       Skin              |       |    26 |       ||    26
Dodge: Dodged            |    31 |    65 |     6 ||   102

Table legend: (Time is in decaauts)
 A = Elapsed time spent in this place.
 B = Non-inter-level travel time spent in this place.
 C = Inter-level travel time spent in this place.
 D = Time resting spent in this place.
 E = Time spent auto-exploring this place.
 F = Levels seen in this place.
 G = Mean time per level.
                   A        B        C        D        E       F      G
               +--------+--------+--------+--------+--------+-----+--------+
         Total |   4878 |   4606 |    272 |   1326 |   2440 |   5 |  975.6 |
       Dungeon |   4878 |   4606 |    272 |   1326 |   2440 |   5 |  975.6 |
               +--------+--------+--------+--------+--------+-----+--------+

Top non-repeatable levels by time:
     D:1: 1390 daAuts
     D:4: 1293 daAuts
     D:2: 1146 daAuts
     D:3: 988 daAuts
     D:5: 59 daAuts
